BSA
BOSTON REBELS @ TORONTO TITANS
08/13/2024
 
TOP OF THE 1ST
Boston Rebels batting - Pitching for Toronto Titans : LHP Kent Robinson
Pitching: LHP Kent Robinson
Batting: LHB Lorenzo Flores 0-0: Ground out 4-3 (Groundball, 4)
Batting: SHB Álex Rosado 0-0: Called Strike
0-1: Foul Ball, location: 2F
0-2: Ball
1-2: Foul Ball, location: 2F
1-2: Ball
2-2: Foul Ball, location: 2F
2-2: Ground out 4-3 (Groundball, 4)
Batting: LHB Jeff Gordon 0-0: Ball
1-0: Ball
2-0: Called Strike
2-1: Swinging Strike
2-2: Ball
3-2: Base on Balls
Batting: RHB Wilson Gómez 0-0: Called Strike
0-1: Fly out, F4 (Popup, 3DF)
Top of the 1st over - 0 run(s), 0 hit(s), 0 error(s), 1 left on base; Boston 0 - Toronto 0
BOTTOM OF THE 1ST
Toronto Titans batting - Pitching for Boston Rebels : RHP Soh Suzuki
Pitching: RHP Soh Suzuki
Batting: SHB Ryobe Yamamoto 0-0: Ball
1-0: Called Strike
1-1: SINGLE (Line Drive, 6D)
Batting: LHB Lewis Barr 0-0: Swinging Strike
0-1: Ball
Ryobe Yamamoto is caught stealing 2nd base
1-1: Ball
2-1: Ground out 3-6 (Groundball, 3)
Batting: LHB Jorge Martínez 0-0: Ball
1-0: Ball
2-0: Foul Ball, location: 2F
2-1: Ball
3-1: Base on Balls
Batting: LHB José Rodríguez 0-0: Called Strike
0-1: Ball
1-1: Ball
2-1: SINGLE (Line Drive, 6M)
Jorge Martínez to second
Batting: LHB Anacleto Morillo 0-0: Called Strike
0-1: Ball
1-1: Ball
2-1: Ball
3-1: Swinging Strike
3-2: Base on Balls
Jorge Martínez to third
José Rodríguez to second
Batting: RHB Gilberto López 0-0: Ball
1-0: Fly out, F4 (Popup, 4MD)
Bottom of the 1st over - 0 run(s), 2 hit(s), 0 error(s), 3 left on base; Boston 0 - Toronto 0
TOP OF THE 2ND
Boston Rebels batting - Pitching for Toronto Titans : LHP Kent Robinson
Batting: LHB Stanley Mullins 0-0: Ball
1-0: Ground out 6-3 (Groundball, 6M)
Batting: LHB Félix Gómez 0-0: Ball
1-0: DOUBLE (Line Drive, 8LXD)
Batting: SHB Javier Villegas 0-0: Ball
1-0: Ball
2-0: Ball
3-0: SINGLE (Groundball, 6MD)
Félix Gómez to third
Batting: RHB Rubén Matos 0-0: Ball
1-0: SINGLE (Groundball, 6MD)
Félix Gómez scores
Javier Villegas to second
Batting: LHB Tony Ramírez 0-0: Swinging Strike
0-1: Fielders Choice at 2nd, 3-6 (Groundball, 34)
Javier Villegas to third
Batting: LHB Lorenzo Flores 0-0: Swinging Strike
0-1: Ball
1-1: Ball
2-1: Ground out 4-3 (Groundball, 34)
Top of the 2nd over - 1 run(s), 3 hit(s), 0 error(s), 2 left on base; Boston 1 - Toronto 0
BOTTOM OF THE 2ND
Toronto Titans batting - Pitching for Boston Rebels : RHP Soh Suzuki
Batting: LHB Kent MacDulothe 0-0: Called Strike
0-1: Foul Ball, location: 2F
0-2: Foul Ball, location: 2F
0-2: Ball
1-2: Foul Ball, location: 2F
1-2: Foul Ball, location: 2F
1-2: Strikes out swinging
Batting: RHB Matt Doyle 0-0: Fly out, F9 (Popup, 4D)
Batting: RHB Manuel González 0-0: Foul Ball, location: 2F
0-1: Foul Ball, location: 2F
0-2: Ball
1-2: Strikes out swinging
Bottom of the 2nd over - 0 run(s), 0 hit(s), 0 error(s), 0 left on base; Boston 1 - Toronto 0
TOP OF THE 3RD
Boston Rebels batting - Pitching for Toronto Titans : LHP Kent Robinson
Batting: SHB Álex Rosado 0-0: Called Strike
0-1: SINGLE (Groundball, 34D)
Batting: LHB Jeff Gordon 0-0: Grounds into double play, 6-4-3 (Groundball, 6)
Batting: RHB Wilson Gómez 0-0: Ball
1-0: Swinging Strike
1-1: Ball
2-1: Swinging Strike
2-2: Ball
3-2: SINGLE (Flyball, 8RS)
Batting: LHB Stanley Mullins 0-0: SINGLE (Line Drive, 8LS)
Wilson Gómez to second
Batting: LHB Félix Gómez 0-0: Ball
1-0: Ball
2-0: Ground out 1-3 (Groundball, 13)
Top of the 3rd over - 0 run(s), 3 hit(s), 0 error(s), 2 left on base; Boston 1 - Toronto 0
BOTTOM OF THE 3RD
Toronto Titans batting - Pitching for Boston Rebels : RHP Soh Suzuki
Batting: SHB Ryobe Yamamoto 0-0: Swinging Strike
0-1: Foul Ball, location: 2F
0-2: Foul Ball, location: 2F
0-2: Strikes out looking
Batting: LHB Lewis Barr 0-0: Ball
1-0: Ball
2-0: Called Strike
2-1: Foul Ball, location: 2F
2-2: Strikes out swinging
Batting: LHB Jorge Martínez 0-0: Ball
1-0: Foul Ball, location: 2F
1-1: Ball
2-1: Ball
3-1: Base on Balls
Batting: LHB José Rodríguez 0-0: Ball
1-0: Ball
2-0: Ground out 4-3 (Groundball, 34)
Bottom of the 3rd over - 0 run(s), 0 hit(s), 0 error(s), 1 left on base; Boston 1 - Toronto 0
TOP OF THE 4TH
Boston Rebels batting - Pitching for Toronto Titans : LHP Kent Robinson
Batting: SHB Javier Villegas 0-0: Called Strike
0-1: Ball
1-1: Foul Ball, location: 2F
1-2: Foul Ball, location: 2F
1-2: Strikes out swinging
Batting: RHB Rubén Matos 0-0: Called Strike
0-1: Ball
1-1: Ball
2-1: Ground out 1-3 (Groundball, 15S)
Batting: LHB Tony Ramírez 0-0: Ball
1-0: DOUBLE (Line Drive, 9D)
Batting: LHB Lorenzo Flores 0-0: Called Strike
0-1: Fly out, F9 (Flyball, 89S)
Top of the 4th over - 0 run(s), 1 hit(s), 0 error(s), 1 left on base; Boston 1 - Toronto 0
BOTTOM OF THE 4TH
Toronto Titans batting - Pitching for Boston Rebels : RHP Soh Suzuki
Batting: LHB Anacleto Morillo 0-0: Called Strike
0-1: Foul Ball, location: 2F
0-2: Ball
1-2: SINGLE (Groundball, 5L)
Batting: RHB Gilberto López 0-0: Foul Ball, location: 2F
0-1: Ball
1-1: Ball
2-1: Grounds into double play, 5-4-3 (Groundball, 56)
Batting: LHB Kent MacDulothe 0-0: Ground out 4-3 (Groundball, 4)
Bottom of the 4th over - 0 run(s), 1 hit(s), 0 error(s), 0 left on base; Boston 1 - Toronto 0
TOP OF THE 5TH
Boston Rebels batting - Pitching for Toronto Titans : LHP Kent Robinson
Batting: SHB Álex Rosado 0-0: Ground out 1-3 (Groundball, 13S)
Batting: LHB Jeff Gordon 0-0: Ball
1-0: Fly out, F8 (Flyball, 8LM)
Batting: RHB Wilson Gómez 0-0: Ball
1-0: Foul Ball, location: 2F
1-1: Ball
2-1: Foul Ball, location: 2F
2-2: SINGLE (Line Drive, 9S)
Pitching: RHP Pablo Cabral
Batting: LHB Stanley Mullins 0-0: Foul Ball, location: 2F
0-1: Fly out, F8 (Flyball, 8RXD)
Top of the 5th over - 0 run(s), 1 hit(s), 0 error(s), 1 left on base; Boston 1 - Toronto 0
BOTTOM OF THE 5TH
Toronto Titans batting - Pitching for Boston Rebels : RHP Soh Suzuki
Batting: RHB Matt Doyle 0-0: Ball
1-0: Foul Ball, location: 2F
1-1: Called Strike
1-2: Ball
2-2: Foul Ball, location: 2F
2-2: Ball
3-2: Foul Ball, location: 2F
3-2: Foul Ball, location: 2F
3-2: Ground out 6-3 (Groundball, 6)
Batting: RHB Manuel González 0-0: Called Strike
0-1: Foul Ball, location: 2F
0-2: Foul Ball, location: 2F
0-2: Strikes out looking
Batting: SHB Ryobe Yamamoto 0-0: Called Strike
0-1: Ball
1-1: Ball
2-1: Ball
3-1: Called Strike
3-2: Ground out 1-3 (Groundball, 13S)
Bottom of the 5th over - 0 run(s), 0 hit(s), 0 error(s), 0 left on base; Boston 1 - Toronto 0
TOP OF THE 6TH
Boston Rebels batting - Pitching for Toronto Titans : RHP Pablo Cabral
Batting: LHB Félix Gómez 0-0: Ball
1-0: Swinging Strike
1-1: Foul Ball, location: 2F
1-2: Strikes out swinging
Batting: SHB Javier Villegas 0-0: Called Strike
0-1: Swinging Strike
0-2: Ball
1-2: Ball
2-2: Foul Ball, location: 2F
2-2: Ball
3-2: Strikes out swinging
Batting: RHB Rubén Matos 0-0: SOLO HOME RUN (Flyball, 7D), Distance : 347 ft
Batting: LHB Tony Ramírez 0-0: Ground out 4-3 (Groundball, 4)
Top of the 6th over - 1 run(s), 1 hit(s), 0 error(s), 0 left on base; Boston 2 - Toronto 0
BOTTOM OF THE 6TH
Toronto Titans batting - Pitching for Boston Rebels : RHP Soh Suzuki
Batting: LHB Lewis Barr 0-0: Ball
1-0: Foul Ball, location: 2F
1-1: SINGLE (Flyball, 89S)
Batting: LHB Jorge Martínez 0-0: Called Strike
0-1: Ball
1-1: Foul Ball, location: 2F
1-2: Strikes out swinging
Batting: LHB José Rodríguez 0-0: Foul Ball, location: 2F
0-1: Called Strike
0-2: Ball
1-2: Ball
2-2: SINGLE (Line Drive, 6MD)
Lewis Barr to second
Batting: LHB Anacleto Morillo 0-0: Fielders Choice at 2nd, 3-6 (Groundball, 3)
Lewis Barr to third
Batting: RHB Gilberto López 0-0: Ball
1-0: Called Strike
1-1: Foul Ball, location: 2F
1-2: Ball
2-2: Foul Ball, location: 2F
2-2: Ball
Anacleto Morillo steals 2nd base
3-2: Base on Balls
Batting: LHB Kent MacDulothe 0-0: Ball
1-0: Foul Ball, location: 2F
1-1: Swinging Strike
1-2: GRAND SLAM HOME RUN (Flyball, 9D), Distance : 345 ft
Batting: RHB Matt Doyle 0-0: Ball
1-0: Foul Ball, location: 2F
1-1: Ball
2-1: Called Strike
2-2: Foul Ball, location: 2F
2-2: Strikes out swinging
Bottom of the 6th over - 4 run(s), 3 hit(s), 0 error(s), 0 left on base; Boston 2 - Toronto 4
TOP OF THE 7TH
Boston Rebels batting - Pitching for Toronto Titans : RHP Pablo Cabral
Batting: LHB Lorenzo Flores 0-0: Ball
1-0: Ball
2-0: Ground out 4-3 (Groundball, 4M)
Batting: SHB Álex Rosado 0-0: Foul Ball, location: 2F
0-1: SINGLE (Line Drive, 3D)
Pitching: LHP Braydon Schute
Batting: LHB Jeff Gordon 0-0: Ball
1-0: Ball
2-0: Ball
3-0: Base on Balls
Álex Rosado to second
Pinch Hitting: RHB Ronnie Brown 0-0: Fly out, F9 (Flyball, 9M)
Batting: LHB Stanley Mullins 0-0: Ball
1-0: Foul Ball, location: 2F
1-1: Foul Ball, location: 2F
1-2: Ball
2-2: Strikes out swinging
Top of the 7th over - 0 run(s), 1 hit(s), 0 error(s), 2 left on base; Boston 2 - Toronto 4
BOTTOM OF THE 7TH
Toronto Titans batting - Pitching for Boston Rebels : RHP Soh Suzuki
Pitching: RHP Alberto Bonilla
Now at SS: Ronnie Brown
Batting: RHB Manuel González 0-0: Called Strike
0-1: Called Strike
0-2: Ground out 4-3 (Groundball, 4M)
Batting: SHB Ryobe Yamamoto 0-0: Called Strike
0-1: Swinging Strike
0-2: Foul Ball, location: 2F
0-2: SINGLE (Groundball, 5D)
Pitching: LHP Yoshihiro Hasegawa
Batting: LHB Lewis Barr 0-0: Ball
Ryobe Yamamoto is caught stealing 2nd base
1-0: Ball
2-0: Called Strike
2-1: Ground out 6-3 (Groundball, 6)
Bottom of the 7th over - 0 run(s), 1 hit(s), 0 error(s), 0 left on base; Boston 2 - Toronto 4
TOP OF THE 8TH
Boston Rebels batting - Pitching for Toronto Titans : LHP Braydon Schute
Now at C: Cris Fuentes
Now at SS: Alberto Velásquez
Batting: LHB Félix Gómez 0-0: Ball
1-0: Called Strike
1-1: Called Strike
1-2: SINGLE (Groundball, 15S) (infield hit)
Batting: SHB Javier Villegas 0-0: Ball
1-0: Foul Ball, location: 2F
1-1: Swinging Strike
1-2: Foul Ball, location: 2F
1-2: Strikes out looking
Batting: RHB Rubén Matos 0-0: Called Strike
0-1: Foul Ball, location: 2F
0-2: Foul Ball, location: 2F
0-2: Ball
1-2: Ball
2-2: Foul Ball, location: 2F
2-2: Grounds into double play, 4-6-3 (Groundball, 4)
Top of the 8th over - 0 run(s), 1 hit(s), 0 error(s), 0 left on base; Boston 2 - Toronto 4
BOTTOM OF THE 8TH
Toronto Titans batting - Pitching for Boston Rebels : LHP Yoshihiro Hasegawa
Batting: RHB Alberto Velásquez 0-0: Ground out 4-3 (Groundball, 4)
Batting: LHB José Rodríguez 0-0: Called Strike
0-1: Ball
1-1: Ball
2-1: Foul Ball, location: 2F
2-2: Strikes out swinging
Pitching: LHP António Alvarado
Batting: LHB Anacleto Morillo 0-0: Ball
1-0: Swinging Strike
1-1: Swinging Strike
1-2: Strikes out swinging
Bottom of the 8th over - 0 run(s), 0 hit(s), 0 error(s), 0 left on base; Boston 2 - Toronto 4
TOP OF THE 9TH
Boston Rebels batting - Pitching for Toronto Titans : LHP Braydon Schute
Pitching: LHP Santiago González
Batting: LHB Tony Ramírez 0-0: Fly out, F7 (Flyball, 7M)
Batting: LHB Lorenzo Flores 0-0: Ball
1-0: Ball
2-0: Foul Ball, location: 2F
2-1: Ball
3-1: Called Strike
3-2: Strikes out looking
Batting: SHB Álex Rosado 0-0: Ball
1-0: Ground out U3 (Groundball, 3S)
Top of the 9th over - 0 run(s), 0 hit(s), 0 error(s), 0 left on base; Boston 2 - Toronto 4
This league is powered by Out of the Park Baseball, the baseball management simulation game for PC, Mac and Linux
Saturday, April 9th, 2016 - OOTP Baseball 16.8 Build 38